[Event "71st RUS-ch Higher League 2018"]
[Site "Yaroslavl"]
[Date "2018.07.03"]
[Round "7"]
[White "Popov, Ivan"]
[Black "Goryachkina, Aleksandra"]
[Result "1/2-1/2"]
[ECO "C11"]
[WhiteElo "2608"]
[BlackElo "2505"]
[Annotator "ChessBase"]
[PlyCount "73"]
[EventDate "2018.06.26"]
[EventType "swiss"]
[EventCountry "RUS"]
[SourceTitle "playchess.com"]
[Source "ChessBase"]
[SourceQuality "1"]
[TimeControl "40/5400+30:1800+30"]

1. e4 e6 2. d4 d5 3. Nc3 Nf6 4. Bg5 dxe4 5. Nxe4 Be7 6. Bxf6 gxf6 7. Qd2 b6 8. O-O-O Bb7 9. Nc3 c6 10. Be2 Nd7 11. Bh5 Bd6 12. Ne4 Bc7 13. f4 Qe7 14. Nf3 O-O-O 15. Rhe1 Qf8 16. Kb1 Rg8 17. g4 c5 18. Qe3 c4 19. f5 b5 20. Nc3 a6 21. d5 exd5 22. Nxd5 Ne5 23. Nxe5 Bxe5 24. Nb6+ Kc7 25. g5 Qb4 26. c3 Bxc3 27. Qxc3 Qxc3 28. bxc3 Rxd1+ 29. Bxd1 Rxg5 30. Nxc4 bxc4 31. Re7+ Kb6 32. Bc2 Rg1+ 33. Kb2 Rg2 34. Kc1 Rg1+ 35. Kb2 Rg2 36. Kc1 Rg1+ 37. Kb2 1/2-1/2

[Event "71st RUS-ch Higher League 2018"]
[Site "Yaroslavl"]
[Date "2018.07.03"]
[Round "7"]
[White "Turov, Maxim"]
[Black "Fakhrutdinov, Timur"]
[Result "1/2-1/2"]
[ECO "C67"]
[WhiteElo "2600"]
[BlackElo "2460"]
[Annotator "RC"]
[PlyCount "82"]
[EventDate "2018.06.26"]
[EventType "swiss"]
[EventCountry "RUS"]
[SourceTitle "playchess.com"]
[Source "ChessBase"]
[SourceQuality "1"]
[TimeControl "40/5400+30:1800+30"]

1. e4 e5 2. Nf3 Nc6 3. Bb5 Nf6 4. O-O Nxe4 5. Re1 Nd6 6. Nxe5 Nxe5 7. Rxe5+ Be7 8. Bf1 O-O 9. d4 Ne8 10. c3 d5 11. Re1 Bd6 12. Qf3 c6 13. Bd3 Qh4 14. g3 Qg4 15. Nd2 Nc7 16. Qxg4 Bxg4 17. f3 Bh5 18. Kf2 Rfe8 19. Rxe8+ Rxe8 20. Nb3 Ne6 21. Na5 Nd8 22. Bd2 Bc7 23. Nb3 Bg6 24. Bf1 f6 25. Re1 Rxe1 26. Kxe1 Bb1 27. Nc1 h5 28. Bd3 Bxd3 29. Nxd3 Ne6 30. Kf2 Kf7 31. h3 Bd6 32. g4 hxg4 33. hxg4 g5 34. Ke2 Ke7 35. Be3 Kd7 36. Kd2 Ke7 37. Ke2 Kd7 38. Kd2 Ke7 39. Ke2 Kd7 40. Kd2 Ke7 41. Ke2 Kd7 1/2-1/2

[Event "71st RUS-ch Higher League 2018"]
[Site "Yaroslavl"]
[Date "2018.07.03"]
[Round "7"]
[White "Oparin, Grigoriy"]
[Black "Kobalia, Mikhail"]
[Result "1-0"]
[ECO "A07"]
[WhiteElo "2587"]
[BlackElo "2608"]
[Annotator "ChessBase"]
[PlyCount "79"]
[EventDate "2018.06.26"]
[EventType "swiss"]
[EventCountry "RUS"]
[SourceTitle "playchess.com"]
[Source "ChessBase"]
[SourceQuality "1"]
[TimeControl "40/5400+30:1800+30"]

1. Nf3 d5 2. g3 c6 3. Bg2 Bg4 4. O-O Nf6 5. d3 Nbd7 6. c4 dxc4 7. dxc4 e5 8. h3 Bh5 9. Nc3 Qc7 10. Nh4 Nc5 11. b4 Ne6 12. Rb1 Be7 13. Qc2 O-O 14. e3 Rfd8 15. g4 Bg6 16. Nxg6 hxg6 17. c5 a5 18. a3 Rab8 19. Bb2 Rd7 20. Rfd1 Rbd8 21. Rxd7 Rxd7 22. Rd1 Rxd1+ 23. Qxd1 axb4 24. axb4 b6 25. b5 cxb5 26. c6 e4 27. Nxe4 Nxe4 28. Bxe4 Bf6 29. Ba3 Be7 30. Bb2 Bf6 31. Bxf6 gxf6 32. Qd5 g5 33. Qxb5 Qe5 34. Qxe5 fxe5 35. f4 exf4 36. exf4 gxf4 37. Bf5 Nc7 38. Kf2 Kf8 39. h4 Ke7 40. h5 1-0

[Event "71st RUS-ch Higher League 2018"]
[Site "Yaroslavl"]
[Date "2018.07.03"]
[Round "7"]
[White "Sarana, Alexey"]
[Black "Zvjaginsev, Vadim"]
[Result "1/2-1/2"]
[ECO "C08"]
[WhiteElo "2573"]
[BlackElo "2633"]
[Annotator "ChessBase"]
[PlyCount "136"]
[EventDate "2018.06.26"]
[EventType "swiss"]
[EventCountry "RUS"]
[SourceTitle "playchess.com"]
[Source "ChessBase"]
[SourceQuality "1"]
[TimeControl "40/5400+30:1800+30"]

1. e4 e6 2. d4 d5 3. Nd2 c5 4. exd5 exd5 5. dxc5 Bxc5 6. Nb3 Bb6 7. Nf3 Nc6 8. Bd3 Qe7+ 9. Qe2 Qxe2+ 10. Kxe2 Nf6 11. Be3 Bxe3 12. Kxe3 O-O 13. Nfd4 Ng4+ 14. Kf3 Nce5+ 15. Kg3 a5 16. Rhe1 a4 17. Nc1 a3 18. bxa3 Rxa3 19. f3 Nxd3 20. Nxd3 Ra4 21. c3 Nf6 22. Reb1 Rc4 23. Rb3 Re8 24. Kf2 Bd7 25. Nb2 Rc7 26. a4 Kf8 27. a5 Ra8 28. Nd3 Ke7 29. h4 h5 30. Ke3 Kf8 31. Kd2 g6 32. Rb6 Kg7 33. Ra3 Ng8 34. Rd6 Ne7 35. Nf4 Ra6 36. Rxa6 bxa6 37. Rb3 Bc8 38. Nd3 Nc6 39. Nxc6 Rxc6 40. g3 Rc7 41. Rb6 Rc4 42. Ne5 Ra4 43. Rc6 Be6 44. Rxa6 d4 45. cxd4 Rxd4+ 46. Kc3 Ra4 47. Kd3 Bd5 48. Ra7 Kf6 49. Nd7+ Kf5 50. Nb6 Ra3+ 51. Kc2 Be6 52. a6 Ke5 53. Ra8 Kd4 54. a7 Ke3 55. g4 Kxf3 56. gxh5 gxh5 57. Kb2 Rb3+ 58. Kc1 Rxb6 59. Rd8 Ra6 60. a8=Q+ Rxa8 61. Rxa8 Kg3 62. Kd2 Kxh4 63. Ra3 Kg4 64. Ke2 h4 65. Kf2 f5 66. Ra6 Bd5 67. Rh6 Be4 68. Rh7 Bd5 1/2-1/2

[Event "71st RUS-ch Higher League 2018"]
[Site "Yaroslavl"]
[Date "2018.07.03"]
[Round "7"]
[White "Shaposhnikov, Evgeny"]
[Black "Ponkratov, Pavel"]
[Result "1/2-1/2"]
[ECO "E14"]
[WhiteElo "2572"]
[BlackElo "2622"]
[Annotator "ChessBase"]
[PlyCount "88"]
[EventDate "2018.06.26"]
[EventType "swiss"]
[EventCountry "RUS"]
[SourceTitle "playchess.com"]
[Source "ChessBase"]
[SourceQuality "1"]
[TimeControl "40/5400+30:1800+30"]

1. Nf3 Nf6 2. c4 e6 3. d4 b6 4. e3 Bb7 5. Bd3 d5 6. O-O a6 7. b3 Nbd7 8. Bb2 Bd6 9. cxd5 exd5 10. Ba3 c5 11. Nc3 O-O 12. Bf5 b5 13. dxc5 Nxc5 14. Rc1 g6 15. Ne2 Nfe4 16. Bxe4 dxe4 17. Bxc5 exf3 18. Qxd6 fxe2 19. Rfe1 Qxd6 20. Bxd6 Rfd8 21. Bb4 a5 22. Bc3 Rac8 23. Bd4 Rxc1 24. Rxc1 Rc8 25. Rxc8+ Bxc8 26. Bc3 b4 27. Bd2 Bf5 28. f3 Bb1 29. Kf2 Bxa2 30. Kxe2 Bxb3 31. Kd3 f5 32. e4 fxe4+ 33. Kxe4 Kf7 34. Be3 Ke6 35. Bb6 Bc2+ 36. Kd4 a4 37. Bc5 b3 38. Kc3 Ke5 39. Kb2 Kd5 40. Be3 Kc4 41. Bf4 Kd3 42. h4 Ke2 43. g3 Kxf3 44. Bb8 Ke4 1/2-1/2

[Event "71st RUS-ch Higher League 2018"]
[Site "Yaroslavl"]
[Date "2018.07.03"]
[Round "7"]
[White "Vavulin, Maksim"]
[Black "Kokarev, Dmitry"]
[Result "0-1"]
[ECO "B23"]
[WhiteElo "2552"]
[BlackElo "2603"]
[Annotator "ChessBase"]
[PlyCount "88"]
[EventDate "2018.06.26"]
[EventType "swiss"]
[EventCountry "RUS"]
[SourceTitle "playchess.com"]
[Source "ChessBase"]
[SourceQuality "1"]
[TimeControl "40/5400+30:1800+30"]

1. e4 c5 2. Nc3 d6 3. d4 cxd4 4. Qxd4 Nc6 5. Qd2 g6 6. b3 Bh6 7. f4 Nf6 8. Bb2 O-O 9. O-O-O a5 10. Bb5 Qb6 11. a4 Nb4 12. Kb1 Bg4 13. Rf1 d5 14. h3 Be6 15. e5 d4 16. Na2 Ne4 17. Qe1 Nxa2 18. Qxe4 Nc3+ 19. Bxc3 dxc3 20. Ne2 Rfd8 21. Rd1 Qc5 22. Bc4 Qb4 23. Rd4 Rxd4 24. Qxd4 Bxc4 25. Qxc4 Qxc4 26. bxc4 Rc8 27. Rd1 Rxc4 28. Rd8+ Kg7 29. g3 Rb4+ 30. Ka1 Rxa4+ 31. Kb1 Rb4+ 32. Ka1 f6 33. e6 Re4 34. Nd4 f5 35. h4 Re3 36. Re8 Kf6 37. Rh8 Rxg3 38. Rxh7 Bxf4 39. Rf7+ Ke5 40. Ne2 Re3 41. Nxf4 Kxf4 42. Rxe7 Kg4 43. Re8 Kxh4 44. e7 Kg3 0-1

[Event "71st RUS-ch Higher League 2018"]
[Site "Yaroslavl"]
[Date "2018.07.03"]
[Round "7"]
[White "Lobanov, Sergei"]
[Black "Gordievsky, Dmitry"]
[Result "1/2-1/2"]
[ECO "C72"]
[WhiteElo "2521"]
[BlackElo "2641"]
[Annotator "ChessBase"]
[PlyCount "34"]
[EventDate "2018.06.26"]
[EventType "swiss"]
[EventCountry "RUS"]
[SourceTitle "playchess.com"]
[Source "ChessBase"]
[SourceQuality "1"]
[TimeControl "40/5400+30:1800+30"]

1. e4 e5 2. Nf3 Nc6 3. Bb5 a6 4. Ba4 d6 5. O-O Bd7 6. c3 g6 7. d4 Bg7 8. Bg5 f6 9. Be3 Nh6 10. dxe5 dxe5 11. Nbd2 Qe7 12. b4 Nd8 13. Bb3 Be6 14. Ba4+ Bd7 15. Bb3 Be6 16. Ba4+ Bd7 17. Bb3 Be6 1/2-1/2

[Event "71st RUS-ch Higher League 2018"]
[Site "Yaroslavl"]
[Date "2018.07.03"]
[Round "7"]
[White "Moiseenko, Vadim"]
[Black "Vastrukhin, Oleg"]
[Result "1-0"]
[ECO "B06"]
[WhiteElo "2517"]
[BlackElo "2420"]
[Annotator "ChessBase"]
[PlyCount "142"]
[EventDate "2018.06.26"]
[EventType "swiss"]
[EventCountry "RUS"]
[SourceTitle "playchess.com"]
[Source "ChessBase"]
[SourceQuality "1"]
[TimeControl "40/5400+30:1800+30"]

1. d4 g6 2. e4 Bg7 3. Nc3 c6 4. Bc4 d5 5. exd5 b5 6. Bb3 b4 7. Na4 cxd5 8. a3 bxa3 9. Rxa3 Nf6 10. Nf3 O-O 11. O-O Bg4 12. h3 Bxf3 13. Qxf3 Nc6 14. c3 e5 15. dxe5 Nxe5 16. Qe2 Re8 17. Be3 Qc8 18. Rd1 Rb8 19. Ba2 Nc4 20. Bxc4 dxc4 21. Rd4 Bh6 22. Qxc4 Qxc4 23. Rxc4 Bxe3 24. fxe3 Rxe3 25. Rc7 Rd8 26. c4 Re1+ 27. Kf2 Rdd1 28. Nc3 Rf1+ 29. Ke2 Rfe1+ 30. Kf2 Rf1+ 31. Ke3 Rfe1+ 32. Ne2 Rd6 33. Re7 Rb1 34. Rd3 Rxd3+ 35. Kxd3 Rxb2 36. c5 a5 37. c6 Nd5 38. Rb7 Ra2 39. c7 Nxc7 40. Rxc7 Kg7 41. g3 h5 42. Nc3 Rf2 43. Ne4 Rf5 44. h4 Kg8 45. Ke3 f6 46. Nd6 Rd5 47. Rc6 Re5+ 48. Kf4 Kf8 49. Ra6 Ke7 50. Nc4 Rc5 51. Nxa5 g5+ 52. Ke4 Rc3 53. Nc6+ Ke8 54. hxg5 fxg5 55. Ra8+ Kf7 56. Ne5+ Ke7 57. Ra7+ Ke6 58. Nf3 Kf6 59. Ra6+ Kg7 60. Nd4 Kf7 61. Nf5 Rc4+ 62. Ke3 Rb4 63. Nd4 Kg7 64. Rd6 Rb2 65. Ke4 Rf2 66. Rd5 Kg6 67. Nf3 g4 68. Nh4+ Kh6 69. Rd6+ Kg7 70. Nf5+ Kf7 71. Rh6 Rh2 1-0

[Event "71st RUS-ch Higher League 2018"]
[Site "Yaroslavl"]
[Date "2018.07.03"]
[Round "7"]
[White "Iskusnyh, Sergei"]
[Black "Moskalenko, Alexander"]
[Result "1-0"]
[ECO "A50"]
[WhiteElo "2473"]
[BlackElo "2558"]
[Annotator "ChessBase"]
[PlyCount "69"]
[EventDate "2018.06.26"]
[EventType "swiss"]
[EventCountry "RUS"]
[SourceTitle "playchess.com"]
[Source "ChessBase"]
[SourceQuality "1"]
[TimeControl "40/5400+30:1800+30"]

1. d4 Nf6 2. c4 b6 3. Nc3 Bb7 4. Qc2 d5 5. cxd5 Nxd5 6. Nf3 Nxc3 7. bxc3 e6 8. e4 Be7 9. Bb5+ c6 10. Bd3 c5 11. O-O Qc7 12. Bb5+ Bc6 13. Bxc6+ Qxc6 14. Ne5 Qb7 15. d5 exd5 16. exd5 O-O 17. c4 Bd6 18. Nf3 f6 19. Re1 Qd7 20. Bb2 Na6 21. Re4 Rae8 22. Rh4 h6 23. Rf1 Nb4 24. Qb1 Re2 25. a3 Nc2 26. Qd1 Rfe8 27. Qd3 Ne1 28. Nxe1 Rxe1 29. Bc3 R1e2 30. h3 Qe7 31. Rg4 Re4 32. Bxf6 Qxf6 33. Rxe4 Rf8 34. Re6 Qf4 35. g3 1-0

[Event "71st RUS-ch Higher League 2018"]
[Site "Yaroslavl"]
[Date "2018.07.03"]
[Round "7"]
[White "Yanchenko, Roman"]
[Black "Sakaev, Konstantin"]
[Result "0-1"]
[ECO "D70"]
[WhiteElo "2462"]
[BlackElo "2580"]
[Annotator "ChessBase"]
[PlyCount "94"]
[EventDate "2018.06.26"]
[EventType "swiss"]
[EventCountry "RUS"]
[SourceTitle "playchess.com"]
[Source "ChessBase"]
[SourceQuality "1"]
[TimeControl "40/5400+30:1800+30"]

1. d4 Nf6 2. c4 g6 3. Nf3 Bg7 4. Nc3 d5 5. g3 O-O 6. Bg2 dxc4 7. O-O c6 8. e3 Nbd7 9. Qe2 b5 10. a4 b4 11. Nb1 Ba6 12. Nbd2 Rc8 13. Rd1 c5 14. Ne5 Qc7 15. Nc6 Nb8 16. Nxb8 Rxb8 17. d5 Nd7 18. e4 b3 19. Bf1 Rb4 20. f4 c3 21. Qxa6 cxb2 22. Bxb2 Bxb2 23. Rab1 Bd4+ 24. Kh1 b2 25. Nf3 Nf6 26. Qe2 Rfb8 27. Bg2 Qa5 28. Ng5 h6 29. Nxf7 Kxf7 30. e5 Ng8 31. Qg4 Bc3 32. d6 h5 33. Bd5+ Kg7 34. Qe6 Qd8 35. f5 gxf5 36. Rf1 Qe8 37. Rxf5 Qg6 38. Qd7 R4b7 39. Bxb7 Rxb7 40. Qxb7 Qxf5 41. Rg1 Qxe5 42. g4 h4 43. d7 Qd4 44. g5 h3 45. d8=Q Qxd8 46. Qf3 Qd2 47. Rf1 Qg2+ 0-1

[Event "71st RUS-ch Higher League 2018"]
[Site "Yaroslavl"]
[Date "2018.07.03"]
[Round "7"]
[White "Girya, Olga"]
[Black "Lomasov, Semen"]
[Result "1/2-1/2"]
[ECO "A40"]
[WhiteElo "2457"]
[BlackElo "2549"]
[Annotator "ChessBase"]
[PlyCount "80"]
[EventDate "2018.06.26"]
[EventType "swiss"]
[EventCountry "RUS"]
[SourceTitle "playchess.com"]
[Source "ChessBase"]
[SourceQuality "1"]
[TimeControl "40/5400+30:1800+30"]

1. d4 e6 2. Nf3 f5 3. g3 b6 4. Bg2 Bb7 5. O-O Nf6 6. c4 Be7 7. Nc3 O-O 8. Qc2 Na6 9. Bg5 Nb4 10. Qb3 Nc6 11. a3 Ne4 12. Bxe7 Qxe7 13. Qc2 Nd8 14. Rfd1 a5 15. Ne1 Nxc3 16. Qxc3 a4 17. Qb4 d6 18. Rac1 Bxg2 19. Nxg2 Nc6 20. Qb5 Qe8 21. d5 Nd8 22. Qxe8 Rxe8 23. Ne3 g6 24. dxe6 Nxe6 25. Nd5 Kf7 26. Kg2 Ra5 27. Nc3 Nc5 28. Rc2 Re5 29. Nb5 Ne6 30. e3 Rc5 31. Nd4 Ra8 32. h4 h5 33. Nb5 Ra5 34. Rc3 d5 35. cxd5 Raxb5 36. dxe6+ Kxe6 37. Rxc5 Rxc5 38. Rd2 Rd5 39. Rc2 c5 40. Kf3 Ke5 1/2-1/2

[Event "71st RUS-ch Higher League 2018"]
[Site "Yaroslavl"]
[Date "2018.07.03"]
[Round "7"]
[White "Gogolev, Artem"]
[Black "Bykov, Egor"]
[Result "1-0"]
[ECO "A11"]
[WhiteElo "2407"]
[BlackElo "2373"]
[Annotator "NA"]
[PlyCount "73"]
[EventDate "2018.06.26"]
[EventType "swiss"]
[EventCountry "RUS"]
[SourceTitle "playchess.com"]
[Source "ChessBase"]
[SourceQuality "1"]
[TimeControl "40/5400+30:1800+30"]

1. c4 c6 2. Nf3 d5 3. g3 Nf6 4. Bg2 Bg4 5. O-O e6 6. d3 Nbd7 7. Nc3 Bc5 8. h3 Bh5 9. cxd5 exd5 10. e4 O-O 11. g4 Bg6 12. e5 Ne8 13. h4 h6 14. d4 Bb6 15. Re1 Nc7 16. h5 Bh7 17. g5 hxg5 18. Bxg5 f6 19. exf6 Nxf6 20. a4 a5 21. Qb3 Ba7 22. Re5 Qc8 23. h6 Ne6 24. hxg7 Kxg7 25. Rxe6 Qxe6 26. Qxb7+ Kh8 27. Re1 Ne4 28. Bf4 Kg8 29. Ng5 Qf5 30. Ncxe4 Bxd4 31. Nxh7 Ra7 32. Qxc6 Rxh7 33. Bg3 Rg7 34. Rd1 Rxg3 35. Rxd4 dxe4 36. Qc4+ Kg7 37. Qc7+ 1-0

[Event "71st RUS-ch Higher League 2018"]
[Site "Yaroslavl"]
[Date "2018.07.03"]
[Round "7"]
[White "Tekeyev, Zaur"]
[Black "Sek, Konstantin"]
[Result "1/2-1/2"]
[ECO "C50"]
[WhiteElo "2407"]
[BlackElo "2476"]
[Annotator "ChessBase"]
[PlyCount "177"]
[EventDate "2018.06.26"]
[EventType "swiss"]
[EventCountry "RUS"]
[SourceTitle "playchess.com"]
[Source "ChessBase"]
[SourceQuality "1"]
[TimeControl "40/5400+30:1800+30"]

1. e4 e5 2. Nf3 Nc6 3. Bc4 Nf6 4. d3 Bc5 5. O-O O-O 6. Bg5 h6 7. Bh4 Be7 8. Bg3 d6 9. a4 Nh7 10. a5 Bg4 11. h3 Bh5 12. c3 Ng5 13. Nbd2 a6 14. Kh1 Kh8 15. Bd5 Nxf3 16. Nxf3 Bg5 17. Bh2 Qf6 18. g4 Bg6 19. Nxg5 hxg5 20. h4 gxh4 21. f4 exf4 22. Bxf4 Bh7 23. g5 Qg6 24. Qg4 Ne7 25. Bc4 f5 26. exf5 Qxf5 27. Qxf5 Bxf5 28. Rae1 Rae8 29. Bh2 g6 30. Rf4 Nc6 31. Rxh4+ Kg7 32. Rxe8 Rxe8 33. b4 Re1+ 34. Kg2 Re2+ 35. Kf3 Rc2 36. b5 axb5 37. Bxb5 Nxa5 38. Bg1 c5 39. Ra4 b6 40. Ra3 Rb2 41. Ba6 Be6 42. Be3 Bd5+ 43. Kf4 Rb1 44. c4 Rf1+ 45. Kg4 Bf3+ 46. Kg3 Be2 47. d4 Nc6 48. dxc5 bxc5 49. Bf4 Ne7 50. Bd2 Nf5+ 51. Kg2 Kf7 52. Bb7 Ne7 53. Ba6 Rd1 54. Ra2 d5 55. Kf2 Bxc4 56. Bxc4 dxc4 57. Rc2 c3 58. Bxc3 Rd5 59. Bb2 Nc6 60. Ba3 Ne5 61. Ke3 Nd7 62. Rg2 Ke6 63. Bb2 Nb6 64. Bf6 Rf5 65. Ke4 Nd5 66. Bh8 Rf4+ 67. Kd3 Rf3+ 68. Kd2 Nf4 69. Rg1 Kf5 70. Bf6 Rf2+ 71. Ke3 Re2+ 72. Kf3 Rc2 73. Re1 Nd3 74. Re8 c4 75. Ke3 Nf2 76. Kf3 Ng4 77. Bd8 Rc3+ 78. Ke2 Rc2+ 79. Kf3 Ne5+ 80. Ke3 Rc3+ 81. Ke2 Rb3 82. Bf6 Nc6 83. Rc8 Rb6 84. Ke3 Ke6 85. Ke4 Ra6 86. Re8+ Kf7 87. Rc8 Ke6 88. Rg8 c3 89. Bxc3 1/2-1/2

[Event "71st RUS-ch Higher League 2018"]
[Site "Yaroslavl"]
[Date "2018.07.03"]
[Round "7"]
[White "Okrugin, Sergey"]
[Black "Bimiev, Ahmad"]
[Result "1/2-1/2"]
[ECO "B23"]
[WhiteElo "2334"]
[BlackElo "2125"]
[Annotator "NA"]
[PlyCount "82"]
[EventDate "2018.06.26"]
[EventType "swiss"]
[EventCountry "RUS"]
[SourceTitle "playchess.com"]
[Source "ChessBase"]
[SourceQuality "1"]
[TimeControl "40/5400+30:1800+30"]

1. e4 c5 2. Nc3 d6 3. Nf3 Nf6 4. g3 g6 5. Bg2 Bg7 6. O-O Nc6 7. Re1 e5 8. d3 h6 9. Nd2 Nd4 10. Nd5 Nxd5 11. exd5 O-O 12. c3 Nf5 13. a4 b6 14. Nc4 Ba6 15. Qb3 g5 16. Bd2 Rb8 17. Qc2 Ne7 18. f4 gxf4 19. gxf4 Bxc4 20. dxc4 f5 21. Rad1 e4 22. Be3 Ng6 23. b4 Qf6 24. Rc1 Kh7 25. Kh1 Rg8 26. Rg1 Qh4 27. Qd2 a5 28. Rb1 h5 29. bxa5 bxa5 30. Rb5 Bh6 31. Rf1 Qf6 32. Rfb1 Ra8 33. Rb7+ Rg7 34. Qe2 Ra7 35. Rxa7 Rxa7 36. Qxh5 Qxc3 37. Qxf5 Qxe3 38. Bxe4 Rg7 39. Rg1 Qxf4 40. Rxg6 Qxf5 41. Rxg7+ Kxg7 1/2-1/2

[Event "71st RUS-ch Higher League 2018"]
[Site "Yaroslavl"]
[Date "2018.07.04"]
[Round "8"]
[White "Najer, Evgeniy"]
[Black "Alekseenko, Kirill"]
[Result "0-1"]
[ECO "E01"]
[WhiteElo "2668"]
[BlackElo "2621"]
[Annotator "ChessBase"]
[PlyCount "106"]
[EventDate "2018.06.26"]
[EventType "swiss"]
[EventCountry "RUS"]
[SourceTitle "playchess.com"]
[Source "ChessBase"]
[SourceQuality "1"]
[TimeControl "40/5400+30:1800+30"]

1. d4 Nf6 2. c4 e6 3. g3 d5 4. Bg2 Bb4+ 5. Bd2 Be7 6. Nf3 O-O 7. O-O Nbd7 8. Qb3 Nb6 9. c5 Nc4 10. Rc1 b6 11. c6 Ne4 12. Be1 a5 13. Nbd2 Ncxd2 14. Nxd2 Nxd2 15. Bxd2 Ba6 16. Bf3 Bd6 17. e4 dxe4 18. Bxe4 e5 19. dxe5 Bxe5 20. Bc3 Qf6 21. Bxe5 Qxe5 22. Re1 Qf6 23. Re3 Rad8 24. Rae1 g6 25. Qc2 Bc8 26. h4 Rd6 27. Rf3 Qd4 28. Rd3 Qb4 29. Ree3 Ba6 30. Rxd6 Qxd6 31. Qc3 Re8 32. h5 Qd1+ 33. Re1 Qxh5 34. Bg2 Rxe1+ 35. Qxe1 Qe2 36. Qc3 Qd1+ 37. Kh2 Qd6 38. Qe3 Kg7 39. a3 Bc8 40. Qc3+ Qf6 41. Qd2 h5 42. Kg1 Be6 43. f4 Kf8 44. Kh2 Ke8 45. b4 axb4 46. axb4 Qd8 47. Qc3 Qd6 48. Bh3 Ke7 49. Bxe6 Qxe6 50. Kg1 Qe4 51. Kh2 Ke6 52. Kg1 Kf5 53. Kh2 Qe2+ 0-1

[Event "71st RUS-ch Higher League 2018"]
[Site "Yaroslavl"]
[Date "2018.07.04"]
[Round "8"]
[White "Motylev, Alexander"]
[Black "Rakhmanov, Aleksandr"]
[Result "1/2-1/2"]
[ECO "C42"]
[WhiteElo "2659"]
[BlackElo "2627"]
[Annotator "ChessBase"]
[PlyCount "85"]
[EventDate "2018.06.26"]
[EventType "swiss"]
[EventCountry "RUS"]
[SourceTitle "playchess.com"]
[Source "ChessBase"]
[SourceQuality "1"]
[TimeControl "40/5400+30:1800+30"]

1. e4 e5 2. Nf3 Nf6 3. Nxe5 d6 4. Nd3 Nxe4 5. Qe2 Qe7 6. Nf4 Nf6 7. d4 Qxe2+ 8. Bxe2 Nc6 9. c3 g6 10. f3 Bg7 11. h4 h5 12. Na3 Ne7 13. Nb5 Kd8 14. Kf2 a6 15. Na3 b6 16. Bc4 Rf8 17. Nc2 Bb7 18. Ne3 Kd7 19. a4 Bc6 20. Rd1 Bh6 21. Nd3 Bxe3+ 22. Bxe3 Bd5 23. b3 Bxc4 24. bxc4 Nf5 25. Bf4 Ng8 26. c5 Nxh4 27. cxd6 cxd6 28. c4 Nf5 29. c5 h4 30. cxb6 Nge7 31. Rab1 Nd5 32. Bd2 Rab8 33. b7 Nfe7 34. Rdc1 Nc6 35. Nf4 Nce7 36. Rh1 Nxf4 37. Bxf4 Nd5 38. Rxh4 Kc6 39. Rc1+ Kd7 40. Rb1 Kc6 41. Bg3 Rfe8 42. Rhh1 f5 43. Rbc1+ 1/2-1/2

[Event "71st RUS-ch Higher League 2018"]
[Site "Yaroslavl"]
[Date "2018.07.04"]
[Round "8"]
[White "Gordievsky, Dmitry"]
[Black "Pridorozhni, Aleksei"]
[Result "1-0"]
[ECO "A13"]
[WhiteElo "2641"]
[BlackElo "2589"]
[Annotator "ChessBase"]
[PlyCount "97"]
[EventDate "2018.06.26"]
[EventType "swiss"]
[EventCountry "RUS"]
[SourceTitle "playchess.com"]
[Source "ChessBase"]
[SourceQuality "1"]
[TimeControl "40/5400+30:1800+30"]

1. c4 e6 2. Nf3 f5 3. d4 Nf6 4. Nc3 Bb4 5. Bd2 O-O 6. g3 c6 7. Qb3 Ba5 8. Bg2 Ne4 9. Nxe4 fxe4 10. Bxa5 Qxa5+ 11. Nd2 d5 12. Qe3 Qb6 13. c5 Qc7 14. f3 e5 15. fxe4 Be6 16. exd5 Bxd5 17. Bxd5+ cxd5 18. Qxe5 Qxe5 19. dxe5 Nd7 20. Nf3 Nxc5 21. Rd1 Rad8 22. O-O Ne6 23. Rd2 Rf7 24. Rfd1 Rfd7 25. e3 Nc5 26. Rc2 Ne6 27. Nd4 Re8 28. Rdc1 Nf8 29. Nf3 h6 30. Rc7 a6 31. R1c5 Ree7 32. Rxd7 Rxd7 33. Rc8 Re7 34. Rd8 Rd7 35. Rb8 Re7 36. Kf2 Kf7 37. Nd4 g6 38. b4 Nd7 39. e6+ Rxe6 40. Nxe6 Nxb8 41. Nd8+ Kf6 42. Nxb7 Ke5 43. Nc5 d4 44. e4 Kd6 45. Ke2 Kc6 46. Kd3 Kb5 47. Kxd4 Nc6+ 48. Kd5 Nxb4+ 49. Kd6 1-0

[Event "71st RUS-ch Higher League 2018"]
[Site "Yaroslavl"]
[Date "2018.07.04"]
[Round "8"]
[White "Zvjaginsev, Vadim"]
[Black "Sjugirov, Sanan"]
[Result "1/2-1/2"]
[ECO "B51"]
[WhiteElo "2633"]
[BlackElo "2663"]
[Annotator "ChessBase"]
[PlyCount "92"]
[EventDate "2018.06.26"]
[EventType "swiss"]
[EventCountry "RUS"]
[SourceTitle "playchess.com"]
[Source "ChessBase"]
[SourceQuality "1"]
[TimeControl "40/5400+30:1800+30"]

1. e4 c5 2. Nf3 d6 3. Bb5+ Nd7 4. O-O a6 5. Bxd7+ Bxd7 6. Re1 Bg4 7. c3 e6 8. d4 Nf6 9. dxc5 dxc5 10. Qxd8+ Rxd8 11. Ne5 Bh5 12. f3 Nd7 13. Nxd7 Rxd7 14. Be3 Be7 15. Nd2 f6 16. a4 O-O 17. a5 Rfd8 18. Nc4 Rd3 19. Nb6 Be8 20. Na4 c4 21. Kf1 Kf7 22. Nb6 Bb5 23. Ke2 f5 24. exf5 exf5 25. Red1 g5 26. Rxd3 Rxd3 27. Rd1 Rxd1 28. Kxd1 f4 29. Bd4 Ke6 30. Ke1 h5 31. h3 Bd8 32. Kf2 Bc7 33. Ke1 Bd8 34. Kf2 Kf5 35. Ke1 g4 36. hxg4+ hxg4 37. Kf2 Bh4+ 38. Ke2 Bd8 39. Kf2 Kg5 40. g3 fxg3+ 41. Kxg3 Bc7+ 42. Kf2 gxf3 43. Kxf3 Kf5 44. Be3 Bc6+ 45. Ke2 Ke4 46. Kd2 Bxb6 1/2-1/2

[Event "71st RUS-ch Higher League 2018"]
[Site "Yaroslavl"]
[Date "2018.07.04"]
[Round "8"]
[White "Romanov, Evgeny"]
[Black "Shaposhnikov, Evgeny"]
[Result "1/2-1/2"]
[ECO "B38"]
[WhiteElo "2628"]
[BlackElo "2572"]
[Annotator "ChessBase"]
[PlyCount "80"]
[EventDate "2018.06.26"]
[EventType "swiss"]
[EventCountry "RUS"]
[SourceTitle "playchess.com"]
[Source "ChessBase"]
[SourceQuality "1"]
[TimeControl "40/5400+30:1800+30"]

1. c4 c5 2. Nf3 Nc6 3. d4 cxd4 4. Nxd4 g6 5. e4 Bg7 6. Be3 Nf6 7. Nc3 d6 8. Be2 O-O 9. O-O Nxd4 10. Bxd4 Bd7 11. Qd3 Bc6 12. b4 b6 13. f4 Rc8 14. Rad1 e6 15. Bf2 Qc7 16. Bh4 Rfe8 17. Bf3 Nd7 18. e5 Bxf3 19. Qxf3 Qxc4 20. Ne4 d5 21. Nd6 Qxb4 22. Be1 Qa4 23. Rd3 Nc5 24. Ra3 Qd7 25. h4 f5 26. h5 Ne4 27. Nxe8 Rxe8 28. Qe2 Rc8 29. hxg6 hxg6 30. g4 Rc4 31. gxf5 exf5 32. Qg2 Rc6 33. Rh3 d4 34. Qb2 Qd5 35. Rd3 Bf8 36. Bb4 Bxb4 37. Qxb4 Nc3 38. Rf2 Nb5 39. Rg2 Qe4 40. Qd2 Kg7 1/2-1/2

[Event "71st RUS-ch Higher League 2018"]
[Site "Yaroslavl"]
[Date "2018.07.04"]
[Round "8"]
[White "Alekseev, Evgeny"]
[Black "Sychev, Klementy"]
[Result "1/2-1/2"]
[ECO "C50"]
[WhiteElo "2627"]
[BlackElo "2527"]
[Annotator "ChessBase"]
[PlyCount "87"]
[EventDate "2018.06.26"]
[EventType "swiss"]
[EventCountry "RUS"]
[SourceTitle "playchess.com"]
[Source "ChessBase"]
[SourceQuality "1"]
[TimeControl "40/5400+30:1800+30"]

1. e4 e5 2. Nf3 Nc6 3. Bc4 Nf6 4. d3 Bc5 5. O-O O-O 6. h3 d6 7. c3 Ne7 8. Re1 Bb6 9. Nbd2 Ng6 10. Nf1 c6 11. Bb3 h6 12. Ng3 d5 13. exd5 Nxd5 14. d4 exd4 15. Nxd4 Be6 16. Bc2 Bd7 17. Ndf5 Re8 18. Bd2 Rxe1+ 19. Qxe1 Qc7 20. Qf1 Re8 21. Re1 Rxe1 22. Qxe1 Nf6 23. c4 Nh4 24. Qe7 Nxf5 25. Nxf5 Bxf5 26. Qxc7 Bxc7 27. Bxf5 c5 28. Bc3 Kf8 29. g3 Ke7 30. Kg2 g6 31. Bc2 h5 32. Bd2 Be5 33. b3 Bd4 34. f4 Ke6 35. Kf3 b6 36. g4 hxg4+ 37. hxg4 Ne8 38. f5+ gxf5 39. Bxf5+ Ke7 40. Ke4 Nf6+ 41. Kd3 Ne8 42. Bf4 Nd6 43. b4 f6 44. Bxd6+ 1/2-1/2